 Dungeon Crawl Stone Soup version 0.29.0-4-gdea44cf6ec (webtiles) character file.

Game seed: 17915320900039080095

287 qw the Chopper (level 6, -1/35 HPs)
             Began as a Tengu Warper on Aug 28, 2022.
             Slain by a hobgoblin (3 damage)
             ... led by Robin
             ... on level 4 of the Dungeon.
             The game lasted 00:00:22 (3115 turns).

qw the Chopper (Tengu Warper)                       Turns: 3115, Time: 00:00:22

Health: -1/35      AC: 10    Str: 13    XL:     6   Next: 30%
Magic:  10/10      EV:  7    Int: 13    God:
Gold:   176        SH:  0    Dex: 14    Spells: 9/9 levels left

rFire   . . .      SeeInvis .   Y - +0 hand axe
rCold   . . .      Faith    .   (no shield)
rNeg    . . .      Spirit   .   o - +0 chain mail
rPois   .          Reflect  .   (helmet restricted)
rElec   .          Harm     .   (no cloak)
rCorr   .          Rampage  .   j - +0 pair of gloves
Will    .....                   (boots unavailable)
Stlth   ..........              (no amulet)
HPRegen 0.11/turn               (no ring)
MPRegen 0.12/turn               (no ring)

@: flying quickly and evasively, quick
A: beak, talons 3, nimble flight
a: no special abilities


You were on level 4 of the Dungeon.
You visited 1 branch of the dungeon, and saw 4 of its levels.

You collected 176 gold pieces.


Innate Abilities, Weirdness & Mutations

You have a beak for a mouth.
You have claws for feet.
Your magical nature lets you fly swiftly and evasively.


   Skills:
 - Level 2.0 Fighting
 + Level 6.4 Axes
 - Level 1.0 Throwing
 - Level 3.0 Armour
 - Level 2.1 Dodging
 - Level 2.0 Spellcasting
 - Level 2.4 Translocations


You had 9 spell levels left.
You didn't know any spells.
Your spell library contained the following spells:

 Spells                   Type           Power      Damage    Failure   Level
 Blink                    Tloc           14%        N/A       99%         2
 Gell's Gravitas          Tloc           7%         N/A       100%        3
 Lesser Beckoning         Tloc           7%         N/A       100%        3
 Teleport Other           Tloc           7%         N/A       100%        3
 Manifold Assault         Tloc           7%         N/A       100%        5

Inventory:

Hand Weapons
 e - a +0 whip
 Y - a +0 hand axe (weapon)
Missiles
 b - a boomerang (quivered)
Armour
 j - a +0 pair of gloves (worn)
 o - a +0 chain mail (worn)
Scrolls
 a - a scroll of identify
Potions
 d - a potion of curing
 f - a potion of brilliance {unknown}
 g - a potion of cancellation {unknown}
 k - a potion of flight {unknown}
 l - a potion of resistance {unknown}
 m - a potion of might
 n - a potion of mutation {unknown}

Dungeon Overview and Level Annotations

Branches:
Dungeon (4/15)
 Temple: D:4-7

Altars:
Kikubaaqudgha

Shops:
D:1 (   D:4 :

Annotations:
D:4 Robin


Message History

The adder is moderately wounded.
You hit Robin but do no damage. The adder closely misses you.
Robin barely misses you. The adder bites you but does no damage.
You barely miss the adder. You claw the adder! Your peck misses the adder.
The adder is almost dead.
You hit Robin. Robin hits you with a +0 dagger. The adder closely misses you.
You hit the adder.
You kill the adder!
You hit Robin but do no damage. Robin throws the goblin at you!
The goblin hits you but does no damage.
You hit Robin but do no damage.
Robin is moderately wounded.
You hit the goblin but do no damage. You hit the goblin.
You kill the goblin!
The goblin barely misses you. Robin barely misses you.
You hit Robin. Your peck misses Robin.
Robin is moderately wounded.
You closely miss the goblin. You hit the goblin.
The goblin hits you but does no damage.
A goblin comes into view. It is wielding a +0 dagger of speed.
Robin barely misses you.
You barely miss the goblin.
The goblin shouts!
You claw the goblin.
You kill the goblin!
You hit Robin but do no damage. You hit the goblin.
You kill the goblin!
You completely miss Robin. You claw Robin, but do no damage.
Robin is moderately wounded.
You completely miss the hobgoblin. You barely miss the goblin.
The goblin barely misses you. The hobgoblin completely misses you.
You hit Robin. You claw Robin.
Robin is severely wounded.
You barely miss the hobgoblin. You closely miss the hobgoblin.
You completely miss the goblin. Robin hits you but does no damage.
The goblin barely misses you. The hobgoblin hits you.
You die...

.<..............#
................. #.............#
###...........# ..>...........# .
.......g..... ###.# .....ggggg#.#
...... .. #@g.###.<.... .....
....... #...)#......#
....##....... ##.......#.. .....
.......##.)<.##.##.##
._..##.##........####..#..#
.......#......#....##.....#
..[..........##.....##..#.#
g........................## ##
.g##ยค.........#....#......######.


You could see Robin, 2 hobgoblins and 4 goblins.

Vanquished Creatures
  An ogre (D:4)
  A phantom (D:3)
  4 adders
  A worm (D:2)
  A dart slug (D:1)
  7 orcs
  8 ball pythons
  4 endoplasms
  A giant cockroach (D:1)
  7 goblins
  11 hobgoblins
  5 jackals (D:1)
  4 quokkas
  8 bats
  9 kobolds
  2 rats
74 creatures vanquished.

Notes
Turn   | Place    | Note
-------+----------+-------------------------------------------
     0 | D:1      | qw the Tengu Warper began the quest for the Orb.
     0 | D:1      | Reached XP level 1. HP: 12/12 MP: 4/4
     0 | D:1      | 0 ||| qw: Version: 0.1-a-89-g26bdef1
     0 | D:1      | 0 ||| qw: Game counter: 722
     0 | D:1      | 0 ||| qw: Always use a shield: true
     0 | D:1      | 0 ||| qw: God list: Okawaru
     0 | D:1      | 0 ||| qw: Allow faded altars: false
     0 | D:1      | 0 ||| qw: Do Orc after D:15 true
     0 | D:1      | 0 ||| qw: Do second Lair branch before Depths: true
     0 | D:1      | 0 ||| qw: Lair rune preference: random
     0 | D:1      | 0 ||| qw: Plans: Normal
     0 | D:1      | 0 ||| PLANNING D:1-11
    13 | D:1      | 13 ||| DROPPING scroll of blinking.
    33 | D:1      | 33 ||| Stepping ~*~*~tactically~*~*~ (stealth).
    45 | D:1      | Reached XP level 2. HP: 11/17 MP: 6/6
    46 | D:1      | Reached skill level 3 in Axes
   287 | D:1      | You fall into a shaft and drop 1 floor!
   288 | D:2      | 288 ||| READING scroll labelled JOCAB IKUF.
   320 | D:1      | 320 ||| Stepping ~*~*~tactically~*~*~ (stealth).
   321 | D:1      | 321 ||| Stepping ~*~*~tactically~*~*~ (stealth).
   323 | D:1      | 323 ||| Stepping ~*~*~tactically~*~*~ (hiding).
   333 | D:1      | 333 ||| Stepping ~*~*~tactically~*~*~ (stealth).
   391 | D:1      | Reached XP level 3. HP: 21/21 MP: 7/7
   449 | D:1      | 449 ||| Stepping ~*~*~tactically~*~*~ (stealth).
   456 | D:1      | 456 ||| Stepping ~*~*~tactically~*~*~ (stealth).
   457 | D:1      | 457 ||| Stepping ~*~*~tactically~*~*~ (stealth).
   458 | D:1      | 458 ||| Stepping ~*~*~tactically~*~*~ (stealth).
   549 | D:1      | 549 ||| Stepping ~*~*~tactically~*~*~ (stealth).
   556 | D:1      | Reached skill level 4 in Axes
   602 | D:1      | 602 ||| Stepping ~*~*~tactically~*~*~ (stealth).
   625 | D:1      | 625 ||| Stepping ~*~*~tactically~*~*~ (stealth).
   650 | D:1      | Found Qaesieps's Antique Weapon Shoppe.
   653 | D:1      | 653 ||| SHOPLISTING war axe (98 gold, have 65).
   768 | D:1      | 768 ||| Stepping ~*~*~tactically~*~*~ (stealth).
   769 | D:1      | 769 ||| Stepping ~*~*~tactically~*~*~ (stealth).
   809 | D:1      | 809 ||| READING scroll labelled RANUVE NIRYN.
   810 | D:1      | 810 ||| READING scroll labelled NOERYURYCS.
   829 | D:2      | 829 ||| STAIRDANCE
  1074 | D:2      | Reached XP level 4. HP: 16/26 MP: 8/8
  1074 | D:2      | 1074 ||| FLEEEEING.
  1075 | D:2      | 1075 ||| FLEEEEING.
  1076 | D:2      | 1076 ||| FLEEEEING.
  1077 | D:2      | 1077 ||| FLEEEEING.
  1078 | D:2      | 1078 ||| FLEEEEING.
  1079 | D:2      | 1079 ||| FLEEEEING.
  1080 | D:2      | 1080 ||| FLEEEEING.
  1081 | D:2      | 1081 ||| FLEEEEING.
  1082 | D:2      | 1082 ||| FLEEEEING.
  1083 | D:2      | 1083 ||| FLEEEEING.
  1087 | D:2      | 1087 ||| STAIRDANCE
  1244 | D:1      | 1244 ||| UPGRADING to +0 pair of gloves.
  1249 | D:1      | 1249 ||| DRINKING 2 bubbling grey potions.
  1250 | D:1      | 1250 ||| DROPPING potion of magic.
  1416 | D:2      | Found a faded altar of an unknown god.
  1584 | D:2      | 1584 ||| DRINKING 2 smoky grey potions.
  1585 | D:2      | 1585 ||| READING 2 scrolls of identify.
  1585 | D:2      | 1585 ||| IDENTIFYING ruby potion
  1586 | D:2      | 1586 ||| DROPPING potion of berserk rage.
  1611 | D:3      | 1611 ||| Stepping ~*~*~tactically~*~*~ (hiding).
  1612 | D:3      | 1612 ||| Stepping ~*~*~tactically~*~*~ (hiding).
  1618 | D:3      | Reached skill level 5 in Axes
  2230 | D:3      | 2230 ||| Stepping ~*~*~tactically~*~*~ (stealth).
  2253 | D:3      | 2253 ||| Stepping ~*~*~tactically~*~*~ (stealth).
  2547 | D:3      | 2547 ||| UPGRADING to +0 ring mail.
  2557 | D:3      | 2557 ||| DROPPING +0 leather armour.
  2558 | D:3      | 2558 ||| DROPPING ring of wizardry.
  2559 | D:3      | 2559 ||| READING 2 scrolls labelled NENEVY ERIHA.
  2564 | D:3      | 2564 ||| DRINKING 2 dark potions.
  2565 | D:3      | 2565 ||| READING 2 scrolls of identify.
  2565 | D:3      | 2565 ||| IDENTIFYING fizzy cyan potion
  2610 | D:4      | 2610 ||| FLEEEEING.
  2611 | D:4      | 2611 ||| FLEEEEING.
  2612 | D:4      | 2612 ||| FLEEEEING.
  2613 | D:4      | 2613 ||| FLEEEEING.
  2614 | D:4      | 2614 ||| STAIRDANCE
  2659 | D:4      | 2659 ||| STAIRDANCE
  2888 | D:4      | Found Tymmeake's Book Shoppe.
  2888 | D:4      | Noticed a phantom
  2891 | D:4      | Gained mutation: Your magical nature lets you fly swiftly
                  | and evasively. [Tengu growth]
  2891 | D:4      | Reached XP level 5. HP: 30/30 MP: 9/9
  2901 | D:4      | Found an ancient bone altar of Kikubaaqudgha.
  2908 | D:4      | HP: 7/30 [phantom (4)]
  2909 | D:4      | 2909 ||| READING scroll of teleportation.
  2910 | D:4      | 2910 ||| DRINKING potion of heal wounds.
  2926 | D:4      | 2926 ||| FLEEEEING.
  2929 | D:4      | 2929 ||| FLEEEEING.
  2930 | D:4      | 2930 ||| FLEEEEING.
  2931 | D:4      | 2931 ||| FLEEEEING.
  2932 | D:4      | 2932 ||| FLEEEEING.
  2933 | D:4      | 2933 ||| STAIRDANCE
  2996 | D:3      | 2996 ||| UPGRADING to +0 chain mail.
  3006 | D:3      | 3006 ||| DROPPING +0 ring mail.
  3009 | D:4      | 3009 ||| STAIRDANCE
  3022 | D:3      | Killed a phantom
  3023 | D:3      | Reached skill level 3 in Armour
  3089 | D:4      | Noticed an ogre
  3094 | D:4      | 3094 ||| Stepping ~*~*~tactically~*~*~ (stealth).
  3095 | D:4      | 3095 ||| Stepping ~*~*~tactically~*~*~ (stealth).
  3098 | D:4      | HP: 1/30 [ogre/+0 giant club (12)]
  3099 | D:4      | Killed an ogre
  3100 | D:4      | Reached skill level 6 in Axes
  3100 | D:4      | Reached XP level 6. HP: 2/35 MP: 10/10
  3100 | D:4      | Noticed Robin
  3101 | D:4      | 3101 ||| Stepping ~*~*~tactically~*~*~ (stealth).
  3109 | D:4      | HP: 2/35 [Robin/+0 dagger (1)]
  3115 | D:4      | Slain by a hobgoblin

Levels and vault maps discovered:
D:1:      spicycebolla_green_bress_n_ham, layout_loops_cross, serial_shops,
          nicolae_shop_behind_doors, minmay_misc_feat_pillars,
          solitary_fountain, minmay_tetromino_o4
D:2:      layout_rooms, dilly_ecumenical_altar_fadedgnrine
D:3:      layout_loops_cross, kennysheep_path_1
D:4:      layout_cave_pools, overflow_temple_1_default,
          minmay_temple_entry_enclosed_plants, serial_shops, shop,
          bh_walls_and_bars, uniq_robin

Skill      XL: |  1  2  3  4  5 |
---------------+----------------+-----
Axes           | 3 4 5 6 |  6.4
Armour         | 3 |  3.0
Fighting       | |  2.0
Throwing       | |  1.0
Dodging        | |  2.1
Spellcasting   | |  2.0
Translocations | |  2.4

Action                   |  1- 3 |  4- 6 || total
-------------------------+-------+-------++-------
Melee: Hand axe          |    77 |   105 ||   182
       Kick              |    16 |    34 ||    50
       Peck              |     7 |    16 ||    23
       Punch             |       |     1 ||     1
Throw: Boomerang         |    20 |    21 ||    41
  Use: Scroll            |     3 |     4 ||     7
       Potion            |       |     4 ||     4
Armor: Leather armour    |    24 |     7 ||    31
       Ring mail         |       |     8 ||     8
       Chain mail        |       |    18 ||    18
Dodge: Dodged            |    52 |    56 ||   108

Table legend:
 A = Non-vault XP
 B = Vault XP
 C = Vault XP percentage of total XP
 D = Non-vault monster count
 E = Vault monster count
 F = Vault count percentage of total count
                 A         B        C        D         E       F
            +---------+---------+-------+---------+---------+-------
      Total |     399 |      12 |   2.9 |      67 |       7 |   9.5
            +---------+---------+-------+---------+---------+-------
        D:1 |      47 |       6 |  11.3 |      26 |       4 |  13.3
        D:2 |      59 |       0 |   0.0 |      19 |       0 |   0.0
        D:3 |     151 |       0 |   0.0 |      17 |       0 |   0.0
        D:4 |     142 |       6 |   4.1 |       5 |       3 |  37.5
            +---------+---------+-------+---------+---------+-------
